 Dungeon Crawl Stone Soup version 0.20.0-14-g326068f (webtiles) character file.

57 Hook the Grasshopper (level 3, -3/16 HPs)
             Began as a Spriggan Warper on June 8, 2017.
             Slain by Grinder (8 damage)
             ... on level 3 of the Dungeon.
             The game lasted 00:08:59 (1873 turns).

Hook the Grasshopper (Spriggan Warper)              Turns: 1873, Time: 00:09:00

Health: -3/16      AC:  2    Str:  8    XL:     3   Next: 73%
Magic:  8/8        EV: 19    Int: 12    God:
Gold:   81         SH:  0    Dex: 15    Spells: 3/8 levels left

rFire    . . .     SeeInvis +   a - +0 short sword
rCold    . . .     Gourm    .   (shield restricted)
rNeg     . . .     Faith    .   b - +0 robe
rPois    .         Spirit   .   (helmet restricted)
rElec    +         Reflect  .   (no cloak)
rCorr    .         Harm     .   (gloves unavailable)
MR       .....                  (boots unavailable)
Stlth    +.........             (no amulet)
Regen    0.1/turn               (no ring)
MPRegen  0.2/turn               (no ring)

@: very quick
A: unfitting armour, hooves 1, see invisible, dopey 1, herbivore 3, speed 3,
frail 1, electricity resistance, slow metabolism 2
a: no special abilities


You were on level 3 of the Dungeon.
You were not hungry.

You visited 1 branch of the dungeon, and saw 3 of its levels.

You collected 81 gold pieces.

Inventory:

Hand Weapons
 a - a +0 short sword (weapon)
 m - a +1 falchion of protection
Missiles
 e - 4 tomahawks of dispersal (quivered)
Armour
 b - a +0 robe (worn)
Scrolls
 d - 2 scrolls of blinking
 g - a scroll of remove curse {unknown}
 h - a scroll of magic mapping {unknown}
 i - 3 scrolls of identify {unknown}
 j - 3 scrolls of teleportation {unknown}
 k - a scroll of random uselessness {unknown}
 o - a scroll of immolation {unknown}
Books
 c - a book of Spatial Translocations

   Spells                             Type                      Level
   a - Blink                          Translocation                2
   b - Shroud of Golubria             Charms/Translocation         2
   c - Lesser Beckoning               Translocation                3
   d - Gell's Gravitas                Translocation                3
   e - Teleport Other                 Translocation                3
   f - Passage of Golubria            Translocation                4
Comestibles
 f - 3 bread rations
 l - a royal jelly


   Skills:
 * Level 2.0 Fighting
 * Level 3.1 Short Blades
 + Level 1.0 Throwing
 * Level 4.4 Dodging
 * Level 3.3 Spellcasting
 + Level 4.4 Translocations


You had 3 spell levels left.
You knew the following spells:

 Your Spells              Type           Power        Failure   Level  Hunger
a - Blink                 Tloc           N/A          5%          2    ##.....
b - Gell's Gravitas       Tloc           ##........   11%         3    ###....


Dungeon Overview and Level Annotations

Branches:
Dungeon (3/15)

Altars:
Ashenzari

Annotations:
D:3 Grinder


Innate Abilities, Weirdness & Mutations

You are very small and have problems with some larger weapons.
You are too small for most types of armour.
You have supernaturally acute eyesight. (SInv)
You are a herbivore.
You cover ground extremely quickly.
You need consume almost no food.
You have large cloven feet.
You are dopey. (Int -2)
You are frail. (-10% HP)
You are resistant to electric shocks. (rElec)


Message History

Grinder is lightly wounded.
Grinder misses you.
You hit Grinder. Your kick misses Grinder.
Grinder is moderately wounded.
Grinder hits you.
You writhe in agony.
You hit Grinder. You kick Grinder, but do no damage.
Grinder is moderately wounded.
Grinder closely misses you.
You closely miss Grinder. You kick Grinder, but do no damage.
Grinder is moderately wounded.
Grinder gestures at you.
You struggle to resist.
You closely miss Grinder.
Grinder is moderately wounded.
Grinder hits you but does no damage.
You hit Grinder but do no damage. You kick Grinder, but do no damage.
Grinder is moderately wounded.
Grinder hits you!
Ouch! That really hurt!
You die...

.. .# .# .# .#
.#
#############5#
#...........@.#
#.#############
#.# #####.#
......# ####..#
#..#
#..#########
#..........#


You could see Grinder.

Vanquished Creatures
  2 adders
  2 worms (D:2)
  A dart slug (D:1)
  A leopard gecko (D:1)
  4 bats
  A giant cockroach (D:1)
  3 hobgoblins
  2 frilled lizards
  6 goblins
  6 kobolds
  3 rats
31 creatures vanquished.

Notes
Turn   | Place    | Note
-------+----------+-------------------------------------------
     0 | D:1      | Hook the Spriggan Warper began the quest for the Orb.
     0 | D:1      | Reached XP level 1. HP: 10/10 MP: 5/5
   176 | D:1      | Found a shattered altar of Ashenzari.
   276 | D:1      | Reached XP level 2. HP: 15/15 MP: 6/6
   553 | D:1      | Learned a level 2 spell: Blink
   889 | D:2      | Reached XP level 3. HP: 13/18 MP: 8/8
  1304 | D:2      | Learned a level 3 spell: Gell's Gravitas
  1487 | D:3      | Gained mutation: You are dopey. (Int -2) [potion of mutation]
  1487 | D:3      | Gained mutation: You have large cloven feet. [potion of mutation]
  1487 | D:3      | Gained mutation: You are frail. (-10% HP) [potion of mutation]
  1487 | D:3      | Gained mutation: You are resistant to electric shocks. (rElec) [potion of mutation]
  1853 | D:3      | Noticed Grinder
  1873 | D:3      | Slain by Grinder

Skill      XL: |  1  2  3 |
---------------+----------+-----
Dodging        | 4 |  4.4
Spellcasting   | 3 |  3.3
Fighting       | 2 |  2.0
Short Blades   | 3 |  3.1
Throwing       | |  1.0
Translocations | |  4.4

Action                   || total
-------------------------++-------
Melee: Short sword       ||   181
       Kick              ||     4
Throw: Tomahawk          ||     1
 Cast: Blink             ||     8
       Gell's Gravitas   ||     2
  Use: Potion            ||     4
 Stab: Sleeping          ||     1
Armor: Robe              ||    21
Dodge: Dodged            ||   168
